[Event "Early-Titled-Tuesday-Blitz-March-05-2024"]
[Site "Chess.com"]
[Date "2024.03.05"]
[Round "10"]
[White "Dyadya81"]
[Black "ChessSwole"]
[Result "1-0"]
[WhiteElo "2895"]
[BlackElo "2732"]
[TimeControl "180+1"]
[EndTime "9:56:44 PST"]
[Termination "Dyadya81 won by resignation"]

1. e4 c5 2. Nc3 Nc6 3. Bb5 Nd4 4. Bc4 e6 5. Nge2 Nf6 6. O-O a6 7. a4 d5 8. exd5 exd5 9. Ba2 Be7 10. d3 Nxe2+ 11.
Qxe2 O-O 12. Qf3 Be6 13. Bg5 h6 14. Bxf6 Bxf6 15. Nxd5 Bxd5 16. Bxd5 Bxb2 17. Rab1 Bf6 18. Rxb7 Rb8 19. Rfb1 Qd6 20. Bxf7+ Kh8 21. g3 Bd4 22. Kg2 Qe5 23. Rxb8 Rxb8 24. Bg6 Rd8 25. Rb7 Qd6 26. Be4 Rf8 27. Rf7 Rd8 28. Qf5 Kg8 29. c4 Bf6 30. Rb7 Be7 31. Qh7+ Kf7 32. Bd5+ Kf6 33. Qe4 Rd7 34. Qf3+ Kg6 35. Qg4+ 1-0

[Event "Early-Titled-Tuesday-Blitz-March-05-2024"]
[Site "Chess.com"]
[Date "2024.03.05"]
[Round "10"]
[White "Antipov_Mikhail_Al"]
[Black "wannabe2700"]
[Result "1-0"]
[WhiteElo "2947"]
[BlackElo "2785"]
[TimeControl "180+1"]
[EndTime "9:56:45 PST"]
[Termination "Antipov_Mikhail_Al won by checkmate"]

1. e4 c5 2. Nf3 e6 3. b3 Nf6 4. e5 Nd5 5. c4 Ne7 6. Bb2 Nbc6 7. d4 cxd4 8. Nxd4 Qa5+ 9. Bc3 Qxe5+ 10. Be2 Nxd4 11.
Bxd4 Qg5 12. O-O Nf5 13. Nc3 Nxd4 14. Qxd4 Bc5 15. Qd3 Qe5 16. Rad1 f5 17. Bh5+ g6 18. Bf3 O-O 19. Rfe1 Qf6 20. Nd5 Qd8 21. b4 Bb6 22. c5 Bc7 23. Qd4 Bb8 24. g3 h6 25. Rd3 exd5 26.
Bxd5+ Kh7 27. Rde3 Qf6 28. Re7+ Kh8 29. Qxf6+ Rxf6 30. Re8+ Kh7 31. R1e7+ Rf7 32. Rxf7# 1-0

[Event "Early-Titled-Tuesday-Blitz-March-05-2024"]
[Site "Chess.com"]
[Date "2024.03.05"]
[Round "10"]
[White "sathvikadiga"]
[Black "djano"]
[Result "0-1"]
[WhiteElo "2575"]
[BlackElo "2571"]
[TimeControl "180+1"]
[EndTime "9:56:48 PST"]
[Termination "djano won by checkmate"]

1. e4 c5 2. Nf3 Nc6 3. d4 cxd4 4.
Nxd4 g6 5. c4 e5 6. Nb5 d6 7.
N1c3 a6 8. Na3 Nf6 9. Bg5 Bg7 10.
Nd5 Be6 11. Nc2 O-O 12. Nce3 Qa5+ 13. Ke2 Nxe4 14. Bh4 Nd4+ 15. Qxd4 exd4 16. Nc2 Qd2+ 17. Kf3 Bxd5 18. cxd5 Qxc2 19. Be2 Nd2+ 20. Kg3 Ne4+ 21. Kf3 Rfe8 22. Rhe1 d3 23. Bd1 Qc4 24. Bb3 Nd2+ 25. Kg3 Nxb3 26. axb3 Qxb3 27. Rxe8+ Rxe8 28. Ra3 Qxa3 29. bxa3 d2 30. Be7 d1=Q 31. Bxd6 Qxd5 32. Bf4 Be5 33. f3 Bxf4+ 34. Kxf4 Qe5+ 35. Kg4 h5+ 36. Kh4 Qf4+ 37. Kh3 Re3 38. a4 Rxf3+ 39. g3 Qg4+ 40. Kg2 h4 41. a5 Rb3 42. Kf2 Qd4+ 43. Ke2 Rb2+ 44. Ke1 Qg1# 0-1

[Event "Early-Titled-Tuesday-Blitz-March-05-2024"]
[Site "Chess.com"]
[Date "2024.03.05"]
[Round "10"]
[White "ZuraTqebuchava"]
[Black "FlemingA"]
[Result "0-1"]
[WhiteElo "2262"]
[BlackElo "2443"]
[TimeControl "180+1"]
[EndTime "9:56:51 PST"]
[Termination "FlemingA won on time"]

1. e4 e6 2. d3 d5 3. Nd2 c5 4. Ngf3 Nc6 5. g3 Nf6 6. Bg2 b6 7. O-O Bb7 8. Re1 Be7 9. c3 Qc7 10. e5 Nd7 11. Qe2 g5 12. h3 h5 13.
Nf1 g4 14. hxg4 hxg4 15. N3h2 Ndxe5 16. Nxg4 Nxg4 17. Qxg4 O-O-O 18. Bf4 Bd6 19. Bxd6 Qxd6 20. c4 Nd4 21. Ne3 Rdg8 22. Qd1 f5 23. cxd5 exd5 24.
Nf1 f4 25. Qd2 f3 26. Bh1 Qd7 27. Qf4 Rxh1+ 0-1

[Event "Early-Titled-Tuesday-Blitz-March-05-2024"]
[Site "Chess.com"]
[Date "2024.03.05"]
[Round "10"]
[White "UK_23"]
[Black "BeardedNM"]
[Result "1-0"]
[WhiteElo "2354"]
[BlackElo "2217"]
[TimeControl "180+1"]
[EndTime "9:56:51 PST"]
[Termination "UK_23 won on time"]

1. d4 e6 2. Nf3 Nf6 3. g3 d5 4.
Bg2 Be7 5. O-O O-O 6. c4 dxc4 7. Qc2 a6 8. a4 Bd7 9. Qxc4 Bc6 10. Bg5 a5 11. e3 Na6 12. Nc3 Nb4 13. Qe2 b6 14.
Rfd1 Bb7 15. Rac1 Rc8 16. h4 h6 17. Bxf6 Bxf6 18. Nb5 Be4 19. Ne5 Bxg2 20. Kxg2 c6 21. Na7 Rc7 22. Naxc6 Nxc6 23. Nxc6 Qd5+ 24. Qf3 Qb3 25.
e4 Qxa4 26. e5 Be7 27. Nxe7+ Rxe7 28. Qc6 Qb4 29. Rc2 Rd8 30. Qc4 Red7 31. Qxb4 axb4 32. Rc4 Rd5 33. f4 b5 34. Rxb4 Rc8 35. Rd2 Rc4 36. Rxc4 bxc4 37. Kf3 Rb5 38. Rc2 Rb3+ 39. Ke4 Rxg3 40.
Rxc4 Rb3 41. Rc2 Kf8 42. f5 exf5+ 43. Kxf5 Ke7 44. d5 Rf3+ 45. Ke4 Rb3 46. d6+ Ke8 47. Rc7 Rxb2 48. Re7+ 1-0

[Event "Early-Titled-Tuesday-Blitz-March-05-2024"]
[Site "Chess.com"]
[Date "2024.03.05"]
[Round "10"]
[White "ACollins05"]
[Black "verrbaa"]
[Result "1-0"]
[WhiteElo "2605"]
[BlackElo "2501"]
[TimeControl "180+1"]
[EndTime "9:56:52 PST"]
[Termination "ACollins05 won by resignation"]

1. e4 c5 2. Nf3 e6 3. c3 d5 4.
exd5 Qxd5 5. d4 Nf6 6. Na3 Qd8 7.
Nc4 Nc6 8. Be3 Nd5 9. dxc5 Nxe3 10. Qxd8+ Kxd8 11. Nxe3 Bxc5 12. Nc4 Ke7 13. Be2 a5 14. a4 f6 15. O-O e5 16. Nfd2 Bf5 17. Bf3 Bd3 18. Rfd1 Rhd8 19. Be4 Ke6 20. Bxd3 Rxd3 21.
Nb3 Rxd1+ 22. Rxd1 Be7 23. Nb6 Rd8 24. Rxd8 Bxd8 25. Nc4 Kd5 26. Ne3+ Kd6 27. Kf1 g6 28. Ke2 f5 29. Nc4+ Kd5 30. Ne3+ Kd6 31. Nc4+ Kd5 32. Ne3+ Ke6 33. Nc5+ Ke7 34. Nxb7 f4 35. Nxd8 Nxd8 36. Nc4 Nc6 37. Kd3 Ke6 38. Ke4 g5 39. b4 axb4 40.
cxb4 Nxb4 41. Nxe5 Nd5 42. Kd4 h5 43. a5 g4 44. Nd3 Nc7 45. Nxf4+ Kf5 46. Nxh5 Kg5 47. Ng3 Kf4 48. Ne2+ Kg5 49. Kc5 1-0

[Event "Early-Titled-Tuesday-Blitz-March-05-2024"]
[Site "Chess.com"]
[Date "2024.03.05"]
[Round "10"]
[White "Veganator13"]
[Black "mortngabriel"]
[Result "1-0"]
[WhiteElo "2388"]
[BlackElo "2520"]
[TimeControl "180+1"]
[EndTime "9:56:55 PST"]
[Termination "Veganator13 won by checkmate"]

1. c4 c5 2. g3 Nc6 3. Bg2 g6 4.
Nc3 Bg7 5. d3 e5 6. Nf3 d6 7.
Nd2 Nge7 8. Nf1 O-O 9. Ne3 Rb8 10.
Rb1 Nd4 11. Ned5 Nxd5 12. Nxd5 Qa5+ 13. Bd2 Qxa2 14. Ra1 Qxb2 15. O-O Nb3 16. Bc3 Qxa1 17. Bxa1 Nxa1 18. Qxa1 a6 19. Rb1 b5 20. Ne7+ Kh8 21.
Nxc8 Rfxc8 22. Qxa6 b4 23. Qxd6 e4 24. Bxe4 b3 25. Bd5 b2 26. Qd7 Bc3 27. e3 Rd8 28. Qxf7 Rd6 29. Qe7 Ra6 30. d4 Ra1 31. Qe5# 1-0

[Event "Early-Titled-Tuesday-Blitz-March-05-2024"]
[Site "Chess.com"]
[Date "2024.03.05"]
[Round "10"]
[White "ValentunHulka"]
[Black "Mikasinski"]
[Result "0-1"]
[WhiteElo "2758"]
[BlackElo "2636"]
[TimeControl "180+1"]
[EndTime "9:56:57 PST"]
[Termination "Mikasinski won on time"]

1. e4 c5 2. Nf3 d6 3. d4 cxd4 4. Nxd4 Nf6 5. Nc3 a6 6. h3 e5 7. Nf3 Be7 8. g4 h6 9. Rg1 Nc6 10. g5 hxg5 11. Nxg5 Nd4 12. Bc4 Be6 13. Nxe6 fxe6 14.
Be3 d5 15. Bf1 dxe4 16. Rxg7 Nf3+ 17. Ke2 Nd4+ 18. Ke1 Qc7 19. Bg2 O-O-O 20. Nxe4 Nxc2+ 21. Qxc2 Qxc2 22. Rc1 Bb4+ 23. Nc3 Qxb2 24. Bxb7+ Kb8 25. Kf1 Rd7 0-1

[Event "Early-Titled-Tuesday-Blitz-March-05-2024"]
[Site "Chess.com"]
[Date "2024.03.05"]
[Round "10"]
[White "AlexPapasimakopoulos"]
[Black "viniciusrego"]
[Result "1-0"]
[WhiteElo "2750"]
[BlackElo "2423"]
[TimeControl "180+1"]
[EndTime "9:57:05 PST"]
[Termination "AlexPapasimakopoulos won by checkmate"]

1. d4 g6 2. e4 Bg7 3. c4 c5 4. d5 e6 5. Bd3 d6 6. h3 Nf6 7. Nf3 a6 8. a4 O-O 9. O-O Re8 10. Nc3 exd5 11. exd5 Nbd7 12. Bf4 Qc7 13. Re1 Rxe1+ 14. Qxe1 Nf8 15. Qd2 Bd7 16. Re1 Re8 17. Rxe8 Bxe8 18. g4 Bd7 19. Kg2 Bc8 20. Qe3 Qd8 21.
Ng5 Ne8 22. Nge4 f5 23. gxf5 gxf5 24. Ng3 Bxc3 25. bxc3 Ng7 26. Bg5 Qd7 27. a5 Ng6 28. f4 Qa4 29. h4 h5 30. Bf6 Qxa5 31. Bxg7 Kxg7 32. Nxh5+ Kh6 33. Ng3 Qxc3 34. h5 Qxd3 35.
Qe8 Nxf4+ 36. Kf2 Qd4+ 37. Kf3 Nh3 38. Qg6# 1-0

[Event "Early-Titled-Tuesday-Blitz-March-05-2024"]
[Site "Chess.com"]
[Date "2024.03.05"]
[Round "10"]
[White "Azalea95"]
[Black "ChessLebaneseSalah"]
[Result "0-1"]
[WhiteElo "2390"]
[BlackElo "2573"]
[TimeControl "180+1"]
[EndTime "9:57:05 PST"]
[Termination "ChessLebaneseSalah won by resignation"]

1. e4 c5 2. Nc3 Nc6 3. g3 g6 4.
Bg2 Bg7 5. d3 e6 6. Be3 d6 7.
Qd2 Nge7 8. Nge2 Nd4 9. O-O Nec6 10. Nd1 O-O 11. Nc1 e5 12. c3 Ne6 13. Bh6 b5 14. Bxg7 Kxg7 15. Ne2 f6 16. Ne3 Ne7 17. f4 Bb7 18. f5 Nc7 19. fxg6 hxg6 20. Ng4 Ng8 21.
d4 cxd4 22. cxd4 Ne6 23. Kh1 f5 24. Ne3 Bxe4 25. Bxe4 fxe4 26. dxe5 dxe5 27. Qb4 Nd4 28. Nc3 a5 29. Qc5 Qe7 30. Qxe7+ Nxe7 31. Nxe4 Nef5 32. Ng4 Rae8 33. Kg2 Nc2 34. Rac1 Nfe3+ 35. Nxe3 Nxe3+ 36.
Kg1 Rxf1+ 37. Rxf1 Nxf1 38. Kxf1 Rc8 0-1

[Event "Early-Titled-Tuesday-Blitz-March-05-2024"]
[Site "Chess.com"]
[Date "2024.03.05"]
[Round "10"]
[White "AlexeiShirov"]
[Black "lilleper1"]
[Result "1-0"]
[WhiteElo "2860"]
[BlackElo "2914"]
[TimeControl "180+1"]
[EndTime "9:57:06 PST"]
[Termination "AlexeiShirov won by checkmate"]

1. e4 c5 2. Nf3 d6 3. d4 cxd4 4. Nxd4 Nf6 5. Nc3 a6 6. Be3 e5 7. Nb3 Be7 8. f3 h5 9. Qd2 Be6 10. Nd5 Bxd5 11. exd5 Nbd7 12. Na5 Qc7 13. c4 e4 14. Be2 exf3 15. gxf3 Ne5 16. O-O O-O 17. Rac1 Rfe8 18. Kh1 Nfd7 19. Rg1 Bf6 20. b4 b6 21. Nb3 a5 22. bxa5 bxa5 23. f4 Ng4 24. Bxg4 hxg4 25.
Rxg4 Re4 26. Nd4 Rae8 27. Nf5 Nf8 28. c5 Qd7 29. Nh6+ Kh7 30. c6 Qc8 31. Rcg1 gxh6 32. Qg2 Bg5 33. Rxg5 hxg5 34. Qxg5 Ng6 35. f5 Rg8 36.
Qh6# 1-0

[Event "Early-Titled-Tuesday-Blitz-March-05-2024"]
[Site "Chess.com"]
[Date "2024.03.05"]
[Round "10"]
[White "Chernov_Alexander_A"]
[Black "GoValya"]
[Result "1/2-1/2"]
[WhiteElo "2345"]
[BlackElo "2240"]
[TimeControl "180+1"]
[EndTime "9:57:10 PST"]
[Termination "Game drawn by repetition"]

1. d4 Nf6 2. Nc3 g6 3. e4 d5 4. e5 Ne4 5. Nf3 Nxc3 6. bxc3 Bg4 7. h3 Bxf3 8. Qxf3 e6 9. h4 h5 10. g4 hxg4 11. Qxg4 Be7 12. h5 gxh5 13. Rxh5 Rxh5 14. Qxh5 c5 15. Qh8+ Kd7 16. Qg7 Qf8 17. Qg3 Nc6 18. Rb1 Kc7 19. Qd3 c4 20. Qf3 Qg7 21. Bg2 Rg8 22.
Kf1 Qg6 23. Be3 Qxc2 24. Rc1 Qd3+ 25. Kg1 Qg6 26. Bf4 Ba3 27. Re1 Ne7 28. Qg3 Qf5 29.
Qe3 Ng6 30. Bg3 Be7 31. Qf3 Nh4 32. Qxf5 Nxf5 33. Bf4 Nh4 34. Bg3 Nf5 35. Kh2 Rh8+ 36.
Kg1 Rg8 1/2-1/2

[Event "Early-Titled-Tuesday-Blitz-March-05-2024"]
[Site "Chess.com"]
[Date "2024.03.05"]
[Round "10"]
[White "vladgoncharov"]
[Black "GMSrinath"]
[Result "0-1"]
[WhiteElo "2635"]
[BlackElo "2809"]
[TimeControl "180+1"]
[EndTime "9:57:12 PST"]
[Termination "GMSrinath won on time"]

1. d4 Nf6 2. c4 e6 3. Nc3 Bb4 4. e3 O-O 5. Bd3 b6 6. Ne2 Bb7 7. O-O d5 8. a3 Bd6 9. cxd5 exd5 10. h3 a6 11. b4 Re8 12. Bb2 Nbd7 13. Qc2 Nf8 14. b5 a5 15. a4 Ng6 16. Ba3 Nh4 17. Bxd6 Qxd6 18. Ng3 g6 19. Rfe1 Re7 20. Qb2 Rae8 21.
Qa3 Qd7 22. Rac1 Bc8 23. Qb3 Nxg2 24. Kxg2 Qxh3+ 25. Kg1 Rxe3 26. Rxe3 Rxe3 27. Nxd5 Ng4 28. Nf6+ Nxf6 29. fxe3 Qxg3+ 30. Kf1 Ng4 31. Qb2 Nxe3+ 32. Ke2 Qg2+ 0-1

[Event "Early-Titled-Tuesday-Blitz-March-05-2024"]
[Site "Chess.com"]
[Date "2024.03.05"]
[Round "10"]
[White "Leonid_Starozhilov"]
[Black "Herman-NY"]
[Result "0-1"]
[WhiteElo "2681"]
[BlackElo "2542"]
[TimeControl "180+1"]
[EndTime "9:57:12 PST"]
[Termination "Herman-NY won by resignation"]

1. e4 e5 2. Nf3 Nc6 3. Nc3 Nf6 4. Bb5 Bb4 5. Bxc6 dxc6 6. d3 Bxc3+ 7. bxc3 Nd7 8. O-O O-O 9. h3 c5 10. c4 f6 11. a4 a5 12. Nh2 Nb8 13. f4 Qd4+ 14. Be3 Qxe3+ 15. Kh1 exf4 16. Qh5 Qd4 17. Rae1 Qe5 18.
Qh4 Nc6 19. Nf3 Qd6 20. e5 Nxe5 21. Qxf4 Nxf3 22. Qxf3 Bd7 23. Re3 Bc6 24. Qh5 Rae8 25. Rfe1 Rxe3 26. Rxe3 Qf4 27. Qe2 h6 28. Re7 Qg3 29.
Kg1 Rf7 30. Re3 Qd6 31. Kh1 Kf8 32. c3 Re7 33. d4 Rxe3 34. Qxe3 Qe7 35. Qf2 Bxa4 36.
dxc5 Bc6 37. Kg1 a4 38. Qf5 Kg8 39. Kf2 a3 40. Qc8+ Kh7 41. Qa8 Qxc5+ 42. Ke2 Qxc4+ 43. Kd2 a2 44. Kc2 Qe2+ 45. Kb3 Qxg2 46. h4 Qd5+ 47. Kb2 Qb5+ 48. Kxa2 Qa4+ 0-1

[Event "Early-Titled-Tuesday-Blitz-March-05-2024"]
[Site "Chess.com"]
[Date "2024.03.05"]
[Round "10"]
[White "Mikhail_Golubev"]
[Black "mbchess97"]
[Result "1-0"]
[WhiteElo "2661"]
[BlackElo "2505"]
[TimeControl "180+1"]
[EndTime "9:57:12 PST"]
[Termination "Mikhail_Golubev won by resignation"]

1. e4 c5 2. Nf3 d6 3. d4 cxd4 4. Nxd4 Nf6 5. Nc3 Nc6 6. Bc4 Qb6 7.
Ndb5 a6 8. Be3 Qd8 9. Nd4 Bd7 10.
Bb3 e6 11. f4 Be7 12. f5 Nxd4 13. Qxd4 exf5 14. O-O fxe4 15. Nd5 O-O 16. Nxe7+ Qxe7 17. Bg5 Qe5 18. Qxe5 dxe5 19. Bxf6 gxf6 20. Rxf6 Be6 21.
Bxe6 fxe6 22. Raf1 Rae8 23. Rxf8+ Rxf8 24. Rxf8+ Kxf8 25. Kf2 Ke7 26. Ke3 Kd6 27. Kxe4 b5 28. g4 a5 29.
h4 a4 30. a3 h6 31. g5 hxg5 32. hxg5 Ke7 33. Kxe5 Kf7 34. g6+ Kxg6 35. Kxe6 1-0

[Event "Early-Titled-Tuesday-Blitz-March-05-2024"]
[Site "Chess.com"]
[Date "2024.03.05"]
[Round "10"]
[White "Dinosaurio_1975"]
[Black "lagunanivaria"]
[Result "1-0"]
[WhiteElo "2595"]
[BlackElo "2450"]
[TimeControl "180+1"]
[EndTime "9:57:12 PST"]
[Termination "Dinosaurio_1975 won on time"]

1. e4 c6 2. d4 d5 3. exd5 cxd5 4. Bd3 Nc6 5. c3 Nf6 6. h3 g6 7. Nf3 Bf5 8. Ne5 Bg7 9. O-O O-O 10. Bf4 Nxe5 11. Bxe5 Bxd3 12. Qxd3 Ne4 13. Bxg7 Kxg7 14. Na3 a6 15. Nc2 Nd6 16. Qe2 e6 17. Nb4 Qf6 18. Nd3 Rac8 19. Rae1 Ne4 20. g3 Qf5 21. Kg2 Ng5 22. h4 Qh3+ 23. Kg1 Ne4 24. Nf4 Qf5 25. Kg2 h5 26. Qd1 Qg4 27. Qd3 Nd6 28. Re5 Nf5 29. Rh1 b5 30. Rh3 g5 31. f3 gxf4 32. fxg4 hxg4 33. Rh1 f3+ 34. Kf2 b4 35. Rhe1 b3 36. axb3 Rb8 37. b4 a5 38. b5 Rb6 39.
h5 Rfb8 40. Rxf5 exf5 41. Qxf5 Rxb5 42. Qxg4+ Kh8 43. h6 Rxb2+ 44. Kxf3 Rg8 45. Qh4 Kh7 46. Re7 Rf8 47. Qf6 1-0

[Event "Early-Titled-Tuesday-Blitz-March-05-2024"]
[Site "Chess.com"]
[Date "2024.03.05"]
[Round "10"]
[White "cristiano78"]
[Black "lamomiajunior"]
[Result "0-1"]
[WhiteElo "2291"]
[BlackElo "2705"]
[TimeControl "180+1"]
[EndTime "9:57:18 PST"]
[Termination "lamomiajunior won by checkmate"]

1. d4 Nf6 2. c4 e6 3. Nf3 g6 4.
Nc3 Bg7 5. e4 d6 6. Be2 O-O 7.
O-O b6 8. h3 Bb7 9. d5 e5 10. Be3 Nbd7 11. Nd2 Ne8 12. b4 f5 13.
f3 a5 14. a3 Nef6 15. Nb3 f4 16.
Bf2 g5 17. c5 Bc8 18. Rc1 Re8 19. Nb5 bxc5 20. bxc5 dxc5 21. Nxc5 Nxc5 22. Rxc5 Re7 23. d6 cxd6 24. Qxd6 Ba6 25. Bc4+ Kh8 26. Qxd8+ Rxd8 27. Nc7 Bxc4 28. Rxc4 h5 29. Bb6 Rb8 30. Bxa5 g4 31. hxg4 hxg4 32. Bb4 Rd7 33. Na6 Rg8 34. Nc5 Rc7 35.
Kf2 Rgc8 36. Rh1+ Kg8 37. Rhc1 Bf8 38. Ke2 g3 39. Kd3 Ra8 40. Ne6 Rd7+ 41. Ke2 Bxb4 42. axb4 Kf7 43. Nc7 Ra2+ 44. R1c2 Ra3 45. Nb5 Re3+ 46.
Kf1 Rd1# 0-1

[Event "Early-Titled-Tuesday-Blitz-March-05-2024"]
[Site "Chess.com"]
[Date "2024.03.05"]
[Round "10"]
[White "KhalilMousavi98"]
[Black "PepeCuenca"]
[Result "0-1"]
[WhiteElo "2822"]
[BlackElo "2713"]
[TimeControl "180+1"]
[EndTime "9:57:19 PST"]
[Termination "PepeCuenca won by resignation"]

1. e4 c5 2. Nf3 Nc6 3. d4 cxd4 4.
Nxd4 e5 5. Nb5 d6 6. N1c3 a6 7.
Na3 Be7 8. Nd5 Nf6 9. Nc4 Nxd5 10. exd5 Nd4 11. c3 Nf5 12. Bd3 b5 13. Ne3 Nxe3 14.
Bxe3 Bd7 15. O-O O-O 16. Kh1 Bg5 17. Qh5 h6 18. f4 exf4 19. Bd4 Qc8 20. h3 Bf5 21.
Rad1 Bxd3 22. Rxd3 Qf5 23. Qd1 Rae8 24. b3 Re4 25. c4 bxc4 26. bxc4 Rfe8 27. Qa1 Re1 28. Rxe1 Rxe1+ 29. Qxe1 Qxd3 30. Bb2 f3 31. h4 Bf4 32.
Ba1 Qe2 33. Qxe2 fxe2 34. Bc3 Bg3 35. h5 e1=Q+ 36. Bxe1 Bxe1 37. c5 dxc5 0-1

[Event "Early-Titled-Tuesday-Blitz-March-05-2024"]
[Site "Chess.com"]
[Date "2024.03.05"]
[Round "10"]
[White "LornerAcosta"]
[Black "Sofiia_Hryzlova"]
[Result "0-1"]
[WhiteElo "2613"]
[BlackElo "2523"]
[TimeControl "180+1"]
[EndTime "9:57:20 PST"]
[Termination "Sofiia_Hryzlova won on time"]

1. Nf3 d5 2. e3 Nc6 3. d4 e6 4.
c4 dxc4 5. Bxc4 Nf6 6. Nc3 a6 7. O-O Be7 8. Qe2 O-O 9. Rd1 b5 10. Bb3 Na5 11. Bc2 Bb7 12. e4 Qc8 13. e5 Nd5 14. Qe4 g6 15. Qg4 Nxc3 16. bxc3 c5 17. Bd3 cxd4 18. Nxd4 Qxc3 19. Be3 Nc4 20. Rac1 Qb2 21.
Bxc4 bxc4 22. h4 Bd5 23. h5 c3 24. hxg6 hxg6 25. Rc2 Qb4 26. f3 Rad8 27. Kf2 Ba8 28. Rh1 Rxd4 29. Bxd4 Bc5 0-1

[Event "Early-Titled-Tuesday-Blitz-March-05-2024"]
[Site "Chess.com"]
[Date "2024.03.05"]
[Round "10"]
[White "Eloist"]
[Black "SmirnovTimofey2000"]
[Result "1-0"]
[WhiteElo "2415"]
[BlackElo "1977"]
[TimeControl "180+1"]
[EndTime "9:57:20 PST"]
[Termination "Eloist won on time"]

1. e4 e5 2. Nf3 Nf6 3. Nxe5 d6 4.
Nf3 Nxe4 5. Nc3 Nxc3 6. dxc3 Be7 7. Be3 Nc6 8. Qd2 Bg4 9. O-O-O Bxf3 10. gxf3 Qd7 11.
h4 O-O-O 12. Bh3 f5 13. Qd5 g6 14. h5 Kb8 15. Kb1 Ne5 16. f4 Nc6 17. Bg2 Bf6 18.
Qb5 a6 19. Qa4 Ne7 20. Qb3 Nc6 21. hxg6 hxg6 22. Rxh8 Rxh8 23. Bxc6 Qxc6 24. Qf7 Bd8 25. Qxg6 Rh1 26. Rxh1 Qxh1+ 27. Bc1 Qe4 28. Qg8 Kc8 29. a3 c6 30. c4 b5 31. cxb5 axb5 32. Qb3 Kd7 33. Qd3 Qxd3 34. cxd3 Bf6 35. Be3 c5 36. Kc2 Kc6 37. b3 Kd5 38. a4 b4 39. Kd2 1-0

[Event "Early-Titled-Tuesday-Blitz-March-05-2024"]
[Site "Chess.com"]
[Date "2024.03.05"]
[Round "10"]
[White "Barmen_EV"]
[Black "dealshark"]
[Result "1-0"]
[WhiteElo "2489"]
[BlackElo "2340"]
[TimeControl "180+1"]
[EndTime "9:57:21 PST"]
[Termination "Barmen_EV won by checkmate"]

1. e4 c6 2. d4 d5 3. e5 Bf5 4.
h4 h5 5. Bg5 f6 6. Bf4 e6 7.
Bd3 Bxd3 8. Qxd3 Ne7 9. exf6 gxf6 10. Nf3 Nd7 11. Nbd2 Kf7 12. O-O-O c5 13. Rde1 cxd4 14.
Nxd4 e5 15. Qh3 exd4 16. Qe6+ Kg7 17. Rh3 Qe8 18. Rg3+ Kh7 19. Nf3 Rc8 20. Bd6 Rc6 21. Nxd4 Rxd6 22. Qxd6 Ne5 23. Qxf6 N5g6 24. Ne6 Rg8 25.
Ng5+ Kh6 26. Nf7+ Kh7 27. Rg5 Bg7 28. Rxh5+ Bh6+ 29. Rxh6# 1-0

[Event "Early-Titled-Tuesday-Blitz-March-05-2024"]
[Site "Chess.com"]
[Date "2024.03.05"]
[Round "10"]
[White "HajiyevKanan"]
[Black "chessamical"]
[Result "1-0"]
[WhiteElo "2524"]
[BlackElo "2199"]
[TimeControl "180+1"]
[EndTime "9:57:22 PST"]
[Termination "HajiyevKanan won on time"]

1. d4 Nf6 2. Nf3 d5 3. c4 e6 4. cxd5 exd5 5. Nc3 c6 6. Qc2 Be7 7. Bf4 O-O 8. e3 Nbd7 9. Bd3 Re8 10. O-O Nf8 11.
h3 Ng6 12. Bh2 Bd6 13. Bxd6 Qxd6 14. Rab1 a5 15. Na4 Be6 16. Nc5 b6 17. Nxe6 Rxe6 18. Rfc1 Ne4 19. Bxe4 dxe4 20. Nd2 Rae8 21. Nc4 Qc7 22.
b4 axb4 23. Rxb4 c5 24. dxc5 bxc5 25. Rb5 Rd8 26. Nd2 c4 27. Qxc4 Qd7 28. Nb3 Ne5 29. Nc5 Nf3+ 30. gxf3 Rg6+ 31. Kh2 Qd6+ 32. f4 Rh6 33.
Nxe4 1-0

[Event "Early-Titled-Tuesday-Blitz-March-05-2024"]
[Site "Chess.com"]
[Date "2024.03.05"]
[Round "10"]
[White "VladimirKramnik"]
[Black "HansOnTwitch"]
[Result "0-1"]
[WhiteElo "2970"]
[BlackElo "3119"]
[TimeControl "180+1"]
[EndTime "9:57:23 PST"]
[Termination "HansOnTwitch won on time"]

1. c4 Nf6 2. Nc3 e5 3. Nf3 Nc6 4. g3 d5 5. cxd5 Nxd5 6. Bg2 Nf6 7. O-O h6 8. d3 Bd6 9. a3 a5 10. b3 O-O 11. Bb2 Re8 12. Nd2 Be6 13. e3 Qd7 14.
Nde4 Be7 15. Nxf6+ Bxf6 16. Qc2 Rad8 17. Rfd1 Bh3 18.
Nd5 Bxg2 19. Nxf6+ gxf6 20. Kxg2 Re6 21. d4 Rd6 22.
Rac1 exd4 23. Bxd4 Nxd4 24. Rxd4 Rxd4 25. exd4 Qd5+ 26. Kg1 c6 27. Qd2 Kg7 28. Qc3 Re8 29. b4 a4 30. Qd2 Re4 31. Rd1 Qb3 32. Qc1 Re2 33. Rf1 Re4 34. Qd2 Qxa3 35. Rb1 Qf3 36. Rf1 a3 37. b5 cxb5 38. d5 Re2 39. Qd4 Qe4 0-1

[Event "Early-Titled-Tuesday-Blitz-March-05-2024"]
[Site "Chess.com"]
[Date "2024.03.05"]
[Round "10"]
[White "GianmarcoVaR"]
[Black "Muracle"]
[Result "1-0"]
[WhiteElo "2770"]
[BlackElo "2546"]
[TimeControl "180+1"]
[EndTime "9:57:23 PST"]
[Termination "GianmarcoVaR won on time"]

1. e4 c6 2. d4 d5 3. e5 Bf5 4. Nf3 e6 5. Be2 Nd7 6. O-O h6 7. a4 a5 8. Nbd2 Ne7 9. Nb3 Bg6 10. Bd2 Nf5 11. Qe1 b6 12. Rc1 Be7 13. c4 O-O 14.
cxd5 cxd5 15. h3 Rc8 16. Rxc8 Qxc8 17. Qc1 Qb7 18. Bb5 Rc8 19. Qd1 Nh4 20. Bc3 Nxf3+ 21. Qxf3 Nf8 22. Qe2 Bf5 23. Ba6 Qb8 24. Bxc8 Qxc8 25.
Rc1 Qe8 26. Qb5 Qxb5 27. axb5 Bd3 28. Bxa5 Nd7 29. Rc7 Bxb5 30. Bxb6 Nxb6 31. Rxe7 Na4 32. Nc5 1-0

[Event "Early-Titled-Tuesday-Blitz-March-05-2024"]
[Site "Chess.com"]
[Date "2024.03.05"]
[Round "10"]
[White "Zq1"]
[Black "Miguelito"]
[Result "0-1"]
[WhiteElo "2636"]
[BlackElo "2813"]
[TimeControl "180+1"]
[EndTime "9:57:24 PST"]
[Termination "Miguelito won by resignation"]

1. d4 d5 2. c4 e6 3. Nc3 Nf6 4. cxd5 exd5 5. Bg5 c6 6. e3 h6 7. Bh4 Bf5 8. Bd3 Bxd3 9. Qxd3 Nbd7 10. Nge2 Be7 11.
O-O O-O 12. f3 Re8 13. Rad1 c5 14. Qf5 Qb6 15. b3 g6 16. Qh3 Bf8 17. Bf2 Qa5 18.
dxc5 Nxc5 19. Nxd5 Nxd5 20. Rxd5 Qxa2 21. Nf4 Qxb3 22.
e4 Ne6 23. Nxe6 Rxe6 24. Rfd1 a5 25. R5d3 Qc2 26. R3d2 Qc4 27. Rd4 Qc6 28. Rd5 a4 29. Bd4 a3 30. Ba1 a2 31. g4 Bg7 32. Qh4 Bxa1 33. Rxa1 Qc3 0-1

[Event "Early-Titled-Tuesday-Blitz-March-05-2024"]
[Site "Chess.com"]
[Date "2024.03.05"]
[Round "10"]
[White "KorolDimitriy75"]
[Black "Viktor_Poddubnyi"]
[Result "0-1"]
[WhiteElo "2429"]
[BlackElo "2291"]
[TimeControl "180+1"]
[EndTime "9:57:24 PST"]
[Termination "Viktor_Poddubnyi won on time"]

1. d4 g6 2. c4 Bg7 3. Nf3 c5 4. d5 f5 5. Qc2 Nf6 6. Nc3 O-O 7. g3 e6 8. Bg2 exd5 9. cxd5 d6 10. O-O h6 11. Bd2 Na6 12. a3 Nc7 13. Qd3 a6 14.
a4 Bd7 15. a5 Qe7 16. Rfe1 Ne4 17. Rad1 Nxd2 18. Rxd2 Rae8 19. e4 Nb5 20. exf5 Qxe1+ 21. Nxe1 Rxe1+ 22. Bf1 Bxf5 23. Qc4 Nxc3 24. bxc3 Bh3 25. Rb2 Rf7 26. f4 Rxf1+ 27. Qxf1 Bxf1 28. Kxf1 Bxc3 29. Rb6 Rd7 30. Ke2 Bxa5 31. Rb1 Bb4 32. Kd3 Re7 33. g4 Kf7 34. Rb2 b5 0-1

[Event "Early-Titled-Tuesday-Blitz-March-05-2024"]
[Site "Chess.com"]
[Date "2024.03.05"]
[Round "10"]
[White "SnekkerAndersen"]
[Black "Elsa167"]
[Result "1-0"]
[WhiteElo "2689"]
[BlackElo "2913"]
[TimeControl "180+1"]
[EndTime "9:57:27 PST"]
[Termination "SnekkerAndersen won by checkmate"]

1. d4 d6 2. c4 Nf6 3. Nc3 g6 4. Nf3 Bg7 5. e4 Bg4 6. Be3 Nbd7 7. Qd2 Bxf3 8. gxf3 e5 9. O-O-O O-O 10. Kb1 c6 11. f4 exd4 12. Bxd4 Qa5 13. h4 Rfe8 14.
f3 Nh5 15. Bxg7 Kxg7 16. Bh3 Rad8 17. Bg4 Ndf6 18. f5 Qe5 19. fxg6 hxg6 20. Rhg1 Nf4 21. h5 d5 22. hxg6 fxg6 23. exd5 cxd5 24. Rge1 Qd6 25.
cxd5 Rxe1 26. Qxe1 Re8 27. Qg1 Ne2 28. Nxe2 Rxe2 29.
Qxa7 Qc7 30. Rc1 Qe5 31. Qxb7+ Kh6 32. Be6 Nh5 33. a4 Qd4 34. Qb3 Re3 35. Qc4 Qe5 36. a5 Nf4 37. a6 Nd3 38. Rc2 Re1+ 39. Ka2 Qe3 40. Qh4+ Kg7 41. Qe7+ Kh6 42. Rh2# 1-0